 Dungeon Crawl Stone Soup version 0.16.1-12-gf5c4a84 (webtiles) character file.

46224 ztt the Severer (level 14, -2/141 HPs)
             Began as a Minotaur Fighter on Apr 8, 2015.
             Was the Champion of Okawaru.
             Slain by a white very ugly thing (35 damage)
             ... on level 1 of the Depths.
             The game lasted 00:25:25 (15242 turns).

ztt the Severer (Minotaur Fighter)                 Turns: 15242, Time: 00:25:25

Health: -2/141     AC: 13    Str: 31    XL:     14   Next: 4%
Magic:  7/9        EV: 17    Int: 10    God:    Okawaru [******]
Gold:   582        SH: 16    Dex:  9    Spells: 0 memorised, 13 levels left

rFire  . . .     SeeInvis .     S - +11 broad axe "Rexkae Twiu" {freeze, Contam rPois rN+ Int+5 Dex-2}
rCold  . . .     Clarity  +     I - +2 swamp dragon armour
rNeg   + . .     SustAb   .     c - +0 shield
rPois  +         Gourm    .     (helmet restricted)
rElec  .         Spirit   .     (no cloak)
rCorr  .         Warding  .     (no gloves)
rMut   .         Stasis   .     (no boots)
MR     +....                    K - amulet of clarity
Stlth  ++........               E - +2 ring of dexterity
                                o - +4 ring of strength

@: heroism, somewhat resistant to hostile enchantments, unstealthy
A: retaliatory headbutt, horns 2, robust 1
a: Heroism, Finesse, Renounce Religion


You were on level 1 of the Depths.
You worshipped Okawaru.
Okawaru was exalted by your worship.
You were not hungry.

You visited 2 branches of the dungeon, and saw 16 of its levels.

You collected 744 gold pieces.
You spent 162 gold pieces at shops.

Inventory:

Hand weapons
 a - a +1 war axe
 n - a -1 battleaxe of flaming
 y - a +0 battleaxe of chopping
 O - a +1 broad axe of venom
 S - the +11 broad axe "Rexkae Twiu" (weapon) {freeze, Contam rPois rN+ Int+5 Dex-2}
   (Okawaru gifted it to you on level 14 of the Dungeon)

   It has been specially enchanted to freeze those struck by it, causing extra
   injury to most foes and up to half again as much damage against particularly
   susceptible opponents.
   It can also slow down cold-blooded creatures.
   It affects your intelligence (+5).
   It affects your dexterity (-2).
   It protects you from poison.
   It protects you from negative energy.
   It causes magical contamination when unequipped.
Armour
 c - a +0 shield (worn)
 q - the +18 shield of the gong {rElec rN+ MR+ EV-5}
   (Okawaru gifted it to you on level 13 of the Dungeon)

   It affects your evasion (-5).
   It insulates you from electricity.
   It protects you from negative energy.
   It affects your resistance to hostile enchantments.
 I - a +2 swamp dragon armour (worn)
 P - a +0 plate armour
Jewellery
 h - an uncursed amulet of rage
 o - a +4 ring of strength (left hand)
 t - an uncursed ring of sustain abilities
 u - an uncursed ring of loudness
 E - a +2 ring of dexterity (right hand)
 F - an uncursed ring of flight
 K - an amulet of clarity (around neck)
Magical devices
 s - a wand of confusion (11)
 w - a wand of random effects (39)
 Q - a wand of flame (26)
Scrolls
 b - a scroll of blinking
 f - 2 scrolls of immolation
 g - 6 scrolls of teleportation
 j - 5 scrolls of enchant armour
 k - 3 scrolls of magic mapping
 v - 5 scrolls of remove curse
 B - 2 scrolls of enchant weapon
 C - 3 scrolls of fear
 N - 2 scrolls of recharging
 U - 2 scrolls of identify
Potions
 e - a potion of resistance {unknown}
 l - 8 potions of curing
 m - 3 potions of haste
 p - a potion of flight
 z - 2 potions of restore abilities
 A - a potion of brilliance
 D - 3 potions of magic
 G - a potion of lignification
 H - 2 potions of might
 J - 3 potions of invisibility
 R - a potion of berserk rage
Books
 x - a book of Beasts

   Spells                             Type                      Level
   a - Summon Butterflies             Summoning                    1
   b - Call Canine Familiar           Summoning                    3
   c - Summon Ice Beast               Ice/Summoning                4
   d - Summon Mana Viper              Hexes/Summoning              5
   e - Monstrous Menagerie            Summoning                    6
   f - Summon Hydra                   Summoning                    7
 L - a book of the Sky

   Spells                             Type                      Level
   a - Flight                         Charms/Air                   3
   b - Airstrike                      Air                          4
   c - Silence                        Hexes/Air                    5
   d - Deflect Missiles               Charms/Air                   6
   e - Conjure Ball Lightning         Conjuration/Air              6
   f - Tornado                        Air                          9
 M - a book of Necromancy

   Spells                             Type                      Level
   a - Pain                           Necromancy                   1
   b - Animate Skeleton               Necromancy                   1
   c - Vampiric Draining              Necromancy                   3
   d - Regeneration                   Charms/Necromancy            3
   e - Animate Dead                   Necromancy                   4
   f - Control Undead                 Necromancy                   4
Comestibles
 d - 13 bread rations
 i - 6 meat rations
 T - a fruit


   Skills:
 + Level 13.2(18.2) Fighting
 + Level 15.8(20.8) Axes
 + Level 10.7(15.7) Armour
 + Level 10.4(15.4) Dodging
 + Level 2.5(7.5) Stealth
 + Level 13.5(18.5) Shields
 + Level 1.9 Invocations


You had 13 spell levels left.
You didn't know any spells.

Dungeon Overview and Level Annotations

Branches:
Dungeon (15/15)            Temple (0/1) D:7            Lair (0/8) D:8
    Orc (0/4) D:10         Vaults (0/5) D:13         Depths (1/5) D:15

Altars:
Ashenzari
Cheibriados
Dithmenos
Fedhas
Gozag
Makhleb
Nemelex Xobeh
Okawaru
Qazlal
Ru
Sif Muna
Vehumet
Xom
Yredelemnul
Zin

Shops:
D:5 (   D:9 }   D:10 }


Innate Abilities, Weirdness & Mutations

You reflexively headbutt those who attack you in melee.
You have a pair of horns on your head.
You are robust (+10% HP).


Message History

Your headbutt misses the white very ugly thing.
The white very ugly thing is heavily wounded.
The white very ugly thing stings you! The white very ugly thing freezes you!!
* * * LOW HITPOINT WARNING * * *
Unknown command.
You are too injured to fight recklessly!
Unknown command.
You are too injured to fight recklessly!
Unknown command.
You are too injured to fight recklessly!
Unknown command.
Drink which item? (? for menu, Esc to quit)
You feel much better.
The white very ugly thing barely misses you.
You slash the white very ugly thing!
The white very ugly thing is heavily wounded.
The white very ugly thing stings you!
* * * LOW HITPOINT WARNING * * *
The white very ugly thing freezes you!!
You die...

. . . .####
##...##
##..⌠..##
#.......#.#
#.))).⌠...#
#.)@u.....#
#.....⌠..##
#......(##
##.!⌠..##
##...##
#####


You could see a white very ugly thing.

Vanquished Creatures
  Kirke (D:14)
  2 very ugly things (Depths:1)
  A great orb of eyes (shapeshifter) (D:14)
  A hydra (D:12)
  3 centaur warriors
  A catoblepas (D:15)
  The ghost of Ierbamatei the Basher, a powerful GrFi of Elyvilon (D:11)
  7 hill giants
  A giant orange brain (D:15)
  Pikel (D:5)
  4 harpies (D:15)
  A griffon (D:12)
  A cyclops (shapeshifter) (D:13)
  2 manticores
  4 cyclopes
  15 ugly things
  The ghost of faffalel the Chopper, an experienced DDBe of Trog (D:6)
  A centaur zombie (D:14)
  An eye of devastation (shapeshifter) (D:15)
  3 gargoyles (D:13)
  2 kobold demonologists (D:12)
  2 efreet (D:15)
  A queen bee (shapeshifter) (D:15)
  8 trolls
  Grinder (D:5)
  3 two-headed ogres
  Prince Ribbit (D:5)
  A baby alligator (shapeshifter) (D:13)
  13 slime creatures
  3 trapdoor spider zombies
  15 yaks
  A ynoxinul (D:12)
  A deep elf mage (D:12)
  A shadow (D:14)
  3 vampire mosquitoes (D:14)
  A trapdoor spider (D:15)
  A trapdoor spider (shapeshifter) (D:13)
  2 hogs (D:14)
  A spriggan (D:9)
  Eustachio (D:8)
  3 hungry ghosts
  4 hippogriffs
  A soldier ant (shapeshifter) (D:15)
  A wyvern (D:11)
  4 wolves
  A steam dragon (D:9)
  2 mottled dragons
  A soldier ant (D:13)
  A slave (D:5)
  3 water moccasins
  5 centaurs
  3 ice beasts
  2 phantoms
  5 ogres
  A black bear (D:10)
  5 sky beasts
  2 necrophages
  10 orc warriors
  An eye of draining (D:11)
  A wasp (D:14)
  A crocodile (D:13)
  A big kobold (D:12)
  Duvessa (D:8)
  Blork the orc (D:4)
  4 giant frogs
  6 scorpions
  20 killer bees
  9 wights
  3 electric eels (D:8)
  7 crimson imps
  A quasit (D:5)
  9 hounds
  3 jellies
  Dowan (D:8)
  2 giant frog skeletons
  3 centaur skeletons
  3 iguanas
  13 orc wizards
  7 orc priests
  13 worker ants
  4 sheep (D:11)
  Jessica (D:2)
  A hound zombie (D:8)
  2 hound skeletons (D:6)
  A worker ant zombie (D:6)
  Robin (D:4)
  3 gnolls (D:10)
  2 giant mites
  20 adders
  A white imp (D:12)
  2 worms
  2 shadow imps
  An adder zombie (D:6)
  An adder skeleton (D:4)
  2 giant geckos
  2 oozes
  49 orcs
  20 bats
  3 bat skeletons
  5 giant cockroaches
  19 goblins
  24 hobgoblins
  8 jackals
  A ball python (D:2)
  A giant gecko skeleton (D:4)
  4 giant newts
  9 kobolds
  6 quokkas
  2 quokka skeletons
  14 rats
  3 ballistomycetes (D:15)
  A fungus (D:3)
493 creatures vanquished.

Vanquished Creatures (others)
  2 humans
  A mummy (D:14)
  An adder (D:5)
  An orc (D:5)
  A giant spore (D:15)
6 creatures vanquished.

Grand Total: 499 creatures vanquished

Notes
Turn   | Place    | Note
--------------------------------------------------------------
     0 | D:1      | ztt, the Minotaur Fighter, began the quest for the Orb.
     0 | D:1      | Reached XP level 1. HP: 19/19 MP: 1/1
    93 | D:1      | Reached XP level 2. HP: 21/27 MP: 1/1
   135 | D:1      | Reached skill level 4 in Armour
   449 | D:2      | Noticed Jessica
   451 | D:2      | Killed Jessica
   451 | D:2      | Reached XP level 3. HP: 33/33 MP: 2/2
   734 | D:2      | Reached XP level 4. HP: 33/40 MP: 2/2
  1041 | D:3      | Reached skill level 1 in Dodging
  1179 | D:3      | Reached XP level 5. HP: 46/46 MP: 2/2
  1186 | D:3      | Found a blossoming altar of Fedhas.
  1251 | D:3      | Found a stormy altar of Qazlal.
  1348 | D:3      | Found a shimmering altar of Xom.
  1348 | D:3      | Noticed an angel
  1354 | D:3      | Found a glowing silver altar of Zin.
  1370 | D:3      | Found an iron altar of Okawaru.
  1371 | D:3      | Found a radiant altar of Vehumet.
  1854 | D:4      | Noticed Robin
  1858 | D:4      | Reached skill level 5 in Shields
  1874 | D:4      | Killed Robin
  2066 | D:4      | You fall through a shaft!
  2066 | D:5      | Entered Level 5 of the Dungeon
  2066 | D:5      | Noticed Grinder
  2073 | D:5      | Found a sparkling altar of Nemelex Xobeh.
  2073 | D:5      | Found a shattered altar of Ashenzari.
  2073 | D:5      | Found Asassual's Antique Weapon Shop.
  2073 | D:5      | Noticed Pikel
  2073 | D:5      | Noticed a slave
  2073 | D:5      | Noticed a slave
  2073 | D:5      | Noticed a slave
  2073 | D:5      | Noticed a slave
  2078 | D:5      | Killed Pikel
  2078 | D:5      | Reached skill level 5 in Fighting
  2078 | D:5      | Reached skill level 5 in Axes
  2078 | D:5      | Reached skill level 5 in Armour
  2078 | D:5      | Reached XP level 6. HP: 26/56 MP: 3/3
  2078 | D:5      | Reached XP level 7. HP: 28/61 MP: 3/3
  2088 | D:5      | Bought a glowing battleaxe for 162 gold pieces
  2290 | D:4      | Noticed Blork the orc
  2294 | D:4      | Killed Blork the orc
  2355 | D:3      | Found an opulent altar of Gozag.
  2355 | D:3      | Found a basalt altar of Yredelemnul.
  2357 | D:3      | Found a deep blue altar of Sif Muna.
  2362 | D:3      | Became a worshipper of Warmaster Okawaru
  2414 | D:4      | Reached skill level 6 in Axes
  2531 | D:4      | Found a sacrificial altar of Ru.
  2805 | D:5      | Noticed an ogre
  2818 | D:5      | Killed an ogre
  2818 | D:5      | Reached XP level 8. HP: 45/70 MP: 3/3
  2864 | D:5      | Found a burning altar of Makhleb.
  2912 | D:5      | Killed a freed slave
  2923 | D:5      | Noticed Prince Ribbit
  2927 | D:5      | Killed Prince Ribbit
  2927 | D:5      | Acquired Okawaru's first power
  3107 | D:5      | Killed Grinder
  3107 | D:5      | Reached skill level 7 in Axes
  3646 | D:6      | Noticed faffalel's ghost (experienced DDBe)
  3673 | D:6      | Killed faffalel's ghost
  3673 | D:6      | Reached XP level 9. HP: 25/79 MP: 1/4
  4136 | D:7      | Found a staircase to the Ecumenical Temple.
  4200 | D:7      | Reached skill level 8 in Axes
  4832 | D:7      | Found a snail-covered altar of Cheibriados.
  4899 | D:8      | Reached skill level 1 in Stealth
  4943 | D:8      | Reached skill level 9 in Axes
  4984 | D:8      | Noticed Eustachio
  4991 | D:8      | Killed Eustachio
  5109 | D:8      | Reached XP level 10. HP: 48/90 MP: 4/4
  5548 | D:8      | Found a staircase to the Lair.
  5633 | D:8      | Noticed Dowan
  5639 | D:8      | Killed Dowan
  5639 | D:8      | Reached skill level 5 in Dodging
  5700 | D:8      | Reached skill level 10 in Axes
  5874 | D:8      | Gained mutation: You are robust (+10% HP). [potion of beneficial mutation]
  5901 | D:8      | Noticed Duvessa
  5911 | D:8      | Killed Duvessa
  6107 | D:9      | Found Remye's Gadget Boutique.
  6361 | D:9      | Acquired Okawaru's second power
  6361 | D:9      | Reached skill level 10 in Shields
  6386 | D:9      | Found a shadowy altar of Dithmenos.
  6630 | D:10     | Entered Level 10 of the Dungeon
  6828 | D:10     | Reached skill level 11 in Axes
  7269 | D:10     | Received a gift from Okawaru
  7269 | D:10     | Reached XP level 11. HP: 78/108 MP: 5/5
  7284 | D:10     | Reached skill level 10 in Fighting
  7399 | D:10     | Found a staircase to the Orcish Mines.
  7600 | D:10     | Found Qiw Ilul's Gadget Emporium.
  8183 | D:11     | Noticed a hill giant
  8190 | D:11     | Killed a hill giant
  8647 | D:11     | Reached skill level 1 in Invocations
  8727 | D:11     | Noticed Ierbamatei's ghost (powerful GrFi)
  8740 | D:11     | Killed Ierbamatei's ghost
  9293 | D:12     | Noticed a hill giant
  9308 | D:12     | Killed a hill giant
  9722 | D:12     | Reached skill level 12 in Axes
  9747 | D:12     | Noticed an eight-headed hydra
  9827 | D:12     | Killed a 13-headed hydra
 10096 | D:12     | Received a gift from Okawaru
 10268 | D:12     | Reached XP level 12. HP: 102/121 MP: 7/7
 10408 | D:12     | Noticed a hill giant
 10415 | D:12     | Killed a hill giant
 10679 | D:13     | Reached skill level 10 in Armour
 10793 | D:13     | Reached skill level 13 in Axes
 10823 | D:13     | Received a gift from Okawaru
 10827 | D:13     | Found a gate to the Vaults.
 11683 | D:13     | Reached skill level 14 in Axes
 12284 | D:14     | Reached XP level 13. HP: 47/129 MP: 8/8
 12332 | D:14     | Received a gift from Okawaru
 12335 | D:14     | Got a dazzling broad axe {god gift}
 12336 | D:14     | Identified the +11 broad axe "Rexkae Twiu" {freeze, Contam rPois rN+ Int+5 Dex-2} (Okawaru gifted it to you on level 14 of the Dungeon)
 13180 | D:14     | Noticed Kirke
 13193 | D:14     | Killed Kirke
 14345 | D:15     | Entered Level 15 of the Dungeon
 14606 | D:15     | Reached skill level 15 in Axes
 14731 | D:15     | Received a gift from Okawaru
 14822 | D:15     | Found a staircase to the Depths.
 14886 | D:15     | Reached skill level 10 in Dodging
 14948 | D:15     | Received a gift from Okawaru
 15226 | Depths:1 | Entered Level 1 of the Depths
 15226 | Depths:1 | Noticed a white very ugly thing
 15226 | Depths:1 | Noticed a white very ugly thing
 15226 | Depths:1 | Noticed a white very ugly thing
 15233 | Depths:1 | Killed a white very ugly thing
 15235 | Depths:1 | Killed a white very ugly thing
 15235 | Depths:1 | Reached XP level 14. HP: 50/141 MP: 6/9
 15242 | Depths:1 | Slain by a white very ugly thing

Action                   |  1- 3 |  4- 6 |  7- 9 | 10-12 | 13-15 || total
-------------------------+-------+-------+-------+-------+-------++-------
Melee: War axe           |    48 |   120 |   295 |   757 |     7 ||  1227
       Broad axe         |       |       |       |       |   200 ||   200
Invok: Heroism           |       |       |     1 |     2 |     2 ||     5
  Use: Scroll            |     5 |     2 |     7 |    12 |     7 ||    33
       Potion            |       |     1 |     1 |     5 |     2 ||     9
 Stab: Paralysed         |       |       |     1 |       |       ||     1
  Eat: Fruit             |       |     5 |       |       |     3 ||     8
       Chunk             |       |       |     4 |     3 |     1 ||     8
       Pizza             |       |       |     1 |     1 |     1 ||     3
       Beef jerky        |       |       |     1 |     1 |     2 ||     4
       Royal jelly       |       |       |     1 |       |       ||     1
       Bread ration      |       |       |       |     2 |     1 ||     3
       Meat ration       |       |       |       |     2 |       ||     2
